 Dungeon Crawl Stone Soup version bcrawl-1.26.1 (webtiles) character file.

Game seed: 17747952512983573982

189905 Freyura the Cudgeler (level 5, -2/41 HPs)
             Began as a Demonspawn Gladiator on July 3, 2020.
             Slain by an orc
             ... wielding a +1 short sword of speed
              (3 damage)
             ... on level 3 of the Dungeon.
             The game lasted 00:05:05 (1838 turns).

Freyura the Cudgeler (Demonspawn Gladiator)         Turns: 1838, Time: 00:05:06

Health: -2/41      AC:  6    Str: 15    XL:     5   Next: 33%
Magic:  5/5        EV:  7    Int:  9    God:
Gold:   118        SH:  0    Dex: 15    Spells: 4/4 levels left

rFire    . . .     SeeInvis .   i - +0 long sword (elec)
rCold    . . .     Gourm    .   p - +0 medium shield
rNeg     . . .     Faith    .   b - +0 leather armour
rPois    +         Spirit   .   c - +0 helmet
rElec    .         Reflect  .   (no cloak)
rCorr    .         Harm     .   (no gloves)
MR       .....                  (no boots)
Stlth    +++.......             (no amulet)
HPRegen  0.13/turn              g - ring of poison resistance
MPRegen  0.09/turn              (no ring)

@: confused
A: yellow scales 1, nightstalker 2
a: no special abilities


You were on level 3 of the Dungeon.
You were not hungry.

You visited 1 branch of the dungeon, and saw 3 of its levels.

You collected 118 gold pieces.

Inventory:

Hand Weapons
 a - a +0 flail
 i - a +0 long sword of electrocution (weapon)
Missiles
 d - 3 throwing nets {=f}
Armour
 b - a +0 leather armour (worn)
 c - a +0 helmet (worn)
 p - a +0 medium shield (worn)
Jewellery
 g - a ring of poison resistance (left hand)
Scrolls
 f - a scroll of identify
 h - 3 scrolls of teleportation
 o - a scroll of enchant armour {unknown}
 r - a scroll of fog
Potions
 j - a potion of berserk rage {unknown}
 k - a potion of heal wounds {unknown}
 l - a potion of might
 m - a potion of curing {unknown}
 q - 2 potions of brilliance
Comestibles
 e - 5 rations {!d}


   Skills:
 * Level 3.5 Fighting
 + Level 0.8 Long Blades
 + Level 3.7 Maces & Flails
 - Level 1.7 Throwing
 + Level 1.3 Armour
 + Level 3.2 Dodging
 + Level 0.6 Shields


You had 4 spell levels left.
You didn't know any spells.
Your spell library was empty.

Dungeon Overview and Level Annotations

Branches:
Dungeon (3/12)

Altars:
Okawaru


Innate Abilities, Weirdness & Mutations

You are partially covered in yellow scales. (AC +2)
You are significantly more attuned to the shadows.


Message History

The magic dart hits you!
You bump into the rock wall.
The orc closely misses you. Something hits you but does no damage.
You closely miss the orc.
The orc is lightly wounded.
The orc barely misses you. Something hits you but does no damage.
The orc hits you with a +1 short sword of speed.
* * * LOW HITPOINT WARNING * * *
You bump into the rock wall.
Something hits you.
* * * LOW HITPOINT WARNING * * *
The orc hits you with a +1 short sword of speed.
* * * LOW HITPOINT WARNING * * *
You hear some strange, mumbled words.
A puff of flame appears from out of thin air!
The puff of flame hits you.
* * * LOW HITPOINT WARNING * * *
The orc barely misses you.
You completely miss something.
The orc hits you with a +1 short sword of speed.
You die...

#...# ###...####
#........# ##
#.#...##.#####.
#.######.##.... #.#
#.##.##. #########.#
#.##.##) ##.[..o.##.#
#.##.#.. ....##{@##.#
#^...... ...........#
####.##. ....)#...###
#.... .....#.#.#
####. ##+#.#.#.# #.
#...... ..##########.
###...!.........(....
#.#######.### .....


You could see an orc.

Vanquished Creatures
  An ogre (D:3)
  A worker ant (D:2)
  2 oozes (D:2)
  2 dart slugs
  2 leopard geckos (D:2)
  3 orcs
  2 giant cockroaches
  4 goblins (D:2)
  8 hobgoblins
  5 jackals (D:3)
  3 quokkas
  11 bats
  3 frilled lizards
  9 kobolds
  4 rats
60 creatures vanquished.

Notes
Turn   | Place    | Note
-------+----------+-------------------------------------------
     0 | D:1      | Freyura the Demonspawn Gladiator began the quest for the
                  | Orb.
     0 | D:1      | Reached XP level 1. HP: 16/16 MP: 1/1
    23 | D:1      | Found an iron altar of Okawaru.
   288 | D:1      | Gained mutation: You are slightly more attuned to the
                  | shadows. [demonic ancestry]
   288 | D:1      | Reached XP level 2. HP: 18/22 MP: 2/2
   790 | D:2      | Gained mutation: You are significantly more attuned to the
                  | shadows. [demonic ancestry]
   790 | D:2      | Reached XP level 3. HP: 28/28 MP: 3/3
   956 | D:2      | Reached skill level 1 in Armour
  1220 | D:2      | Reached XP level 4. HP: 33/35 MP: 4/4
  1516 | D:3      | Noticed an ogre
  1520 | D:3      | Killed an ogre
  1520 | D:3      | Gained mutation: You are partially covered in yellow
                  | scales. (AC +2) [demonic ancestry]
  1520 | D:3      | Reached XP level 5. HP: 23/41 MP: 5/5
  1837 | D:3      | HP: 1/41 [something/puff of flame (6)]
  1838 | D:3      | Slain by an orc

Skill      XL: |  1  2  3 |
---------------+----------+-----
Maces & Flails | 3 |  3.7
Armour         | 1 |  1.3
Dodging        | 3 |  3.2
Fighting       | 3 |  3.5
Long Blades    | |  0.8
Throwing       | |  1.7
Shields        | |  0.6

Action                   |  1- 3 |  4- 6 || total
-------------------------+-------+-------++-------
Melee: Flail             |   106 |    29 ||   135
       Long sword        |       |    33 ||    33
  Use: Scroll            |       |     6 ||     6
 Stab: Sleeping          |     9 |     8 ||    17
       Distracted        |     1 |       ||     1
  Eat: Chunk             |     1 |     2 ||     3
Armor: Leather armour    |    35 |    26 ||    61
Dodge: Dodged            |    88 |    31 ||   119
Block: Medium shield     |       |    10 ||    10
